TOP OF THE 1ST |
Coastal Carolina University Chanticleers batting - Pitching for University of Alabama Crimson Tide : RHP Andrew Maldonado
|
Pitching: RHP Andrew Maldonado
|
|
Batting: LHB Cheol-chung Joe
|
0-0: Foul Ball, location: 2F 0-1: Ball 1-1: Foul Ball, location: 2F 1-2: Foul Ball, location: 2F 1-2: Ball 2-2: Ball 3-2: Foul Ball, location: 2F 3-2: Base on Balls
|
Batting: LHB Justin Sanders
|
0-0: Ball 1-0: Ball 2-0: Foul Ball, location: 2F 2-1: Swinging Strike 2-2: Foul Ball, location: 2F 2-2: Ball 3-2: Strikes out swinging Cheol-chung Joe is caught stealing 2nd base 2-6 Batter strikes out.
|
Batting: RHB Tristan Walsh
|
0-0: Called Strike 0-1: Called Strike 0-2: SINGLE (Line Drive, 89S, EV 107.5 MPH)
|
Batting: RHB Mark Tart
|
0-0: Called Strike 0-1: Foul Ball, location: 2F 0-2: Ball 1-2: Foul Ball, location: 2F 1-2: Ball 2-2: Strikes out swinging
|
Top of the 1st over - 0 runs, 1 hit, 0 errors, 1 left on base; Coastal Carolina University 0 - University of Alabama 0 |
BOTTOM OF THE 1ST |
University of Alabama Crimson Tide batting - Pitching for Coastal Carolina University Chanticleers : RHP Dennis Margolis
|
Pitching: RHP Dennis Margolis
|
|
Batting: RHB Danny Rosario
|
0-0: TRIPLE (Line Drive, 78XD, EV 102.5 MPH)
|
Batting: RHB B.J. Clark
|
0-0: Ball 1-0: SINGLE (Line Drive, 4MD, EV 105.0 MPH) Danny Rosario scores
|
Batting: RHB Al Lara
|
0-0: Called Strike 0-1: Fly out, F9 (Line Drive, 89S, EV 98.8 MPH)
|
Batting: RHB Hughie Withers
|
0-0: Ball 1-0: Called Strike 1-1: Swinging Strike 1-2: Foul Ball, location: 2F 1-2: Foul Ball, location: 2F 1-2: Ball 2-2: Fly out, F8 (Line Drive, 8LD, EV 90.0 MPH)
|
Batting: LHB Matt Barkley
|
0-0: Called Strike B.J. Clark steals 2nd base 0-1: Fly out, F8 (Line Drive, 89M, EV 94.4 MPH)
|
Bottom of the 1st over - 1 run, 2 hits, 0 errors, 1 left on base; Coastal Carolina University 0 - University of Alabama 1 |
TOP OF THE 2ND |
Coastal Carolina University Chanticleers batting - Pitching for University of Alabama Crimson Tide : RHP Andrew Maldonado
|
Batting: RHB Ferri Casteleijn
|
0-0: Called Strike 0-1: Foul Ball, location: 2F 0-2: Strikes out swinging
|
Batting: SHB Iher Waithaka
|
0-0: Called Strike 0-1: Swinging Strike 0-2: Ball 1-2: Ball 2-2: Strikes out looking
|
Batting: RHB Rene Napoles
|
0-0: Called Strike 0-1: Ball 1-1: Ball 2-1: SINGLE (Line Drive, 9S, EV 100.0 MPH)
|
Batting: LHB Jeremy Stockwell
|
0-0: Ball 1-0: Swinging Strike 1-1: Swinging Strike 1-2: Strikes out looking
|
Top of the 2nd over - 0 runs, 1 hit, 0 errors, 1 left on base; Coastal Carolina University 0 - University of Alabama 1 |
BOTTOM OF THE 2ND |
University of Alabama Crimson Tide batting - Pitching for Coastal Carolina University Chanticleers : RHP Dennis Margolis
|
Batting: RHB Jong-your Lee
|
0-0: Ball 1-0: Ball 2-0: Swinging Strike 2-1: Foul Ball, location: 2F 2-2: Strikes out swinging
|
Batting: RHB Matt Aponte
|
0-0: Ball 1-0: Foul Ball, location: 2F 1-1: Ball 2-1: Swinging Strike 2-2: Foul Ball, location: 2F 2-2: Ball 3-2: Foul Ball, location: 2F 3-2: Base on Balls
|
Batting: RHB Larry Brown
|
0-0: Called Strike Matt Aponte steals 2nd, throwing error, E2 Matt Aponte to third 0-1: Fly out, F7 (Line Drive, 7, EV 89.4 MPH) Runner from 3rd tags up, SCORES, throw by LF
|
Batting: LHB Xiao-yan Wie
|
0-0: Called Strike 0-1: Ball 1-1: Ball 2-1: Ball 3-1: Base on Balls
|
Batting: RHB Danny Rosario
|
0-0: Ball 1-0: Foul Ball, location: 2F 1-1: Fly out, F9 (Flyball, 89S, EV 95.0 MPH)
|
Bottom of the 2nd over - 1 run, 0 hits, 1 error, 1 left on base; Coastal Carolina University 0 - University of Alabama 2 |
TOP OF THE 3RD |
Coastal Carolina University Chanticleers batting - Pitching for University of Alabama Crimson Tide : RHP Andrew Maldonado
|
Batting: RHB Gabe Bravo
|
0-0: Ball 1-0: Swinging Strike 1-1: Ball 2-1: Ground out 5-3 (Groundball, 56S, EV 70.0 MPH)
|
Batting: LHB Cheol-chung Joe
|
0-0: Ball 1-0: Foul Ball, location: 2F 1-1: Ball 2-1: Called Strike 2-2: Ball 3-2: TRIPLE (Line Drive, 89XD, EV 103.1 MPH)
|
Batting: LHB Justin Sanders
|
0-0: Ball 1-0: Swinging Strike 1-1: Called Strike 1-2: Strikes out swinging
|
Batting: RHB Tristan Walsh
|
0-0: Called Strike 0-1: Foul Ball, location: 2F 0-2: Ball 1-2: 2-RUN HOME RUN (Line Drive, 7D, EV 115.0 MPH), Distance : 429 ft
|
Batting: RHB Mark Tart
|
0-0: Ball 1-0: Ball 2-0: Ball 3-0: Called Strike 3-1: Called Strike 3-2: Fly out, F9 (Flyball, 9S, EV 79.4 MPH)
|
Top of the 3rd over - 2 runs, 2 hits, 0 errors, 0 left on base; Coastal Carolina University 2 - University of Alabama 2 |
BOTTOM OF THE 3RD |
University of Alabama Crimson Tide batting - Pitching for Coastal Carolina University Chanticleers : RHP Dennis Margolis
|
Batting: RHB B.J. Clark
|
0-0: Foul Ball, location: 2F 0-1: Ball 1-1: Called Strike 1-2: Ground out 5-3 (Groundball, 56S, EV 83.8 MPH)
|
Batting: RHB Al Lara
|
0-0: Reached via error on a dropped throw from 1B, E1 (Groundball, 34, EV 84.4 MPH)
|
Batting: RHB Hughie Withers
|
0-0: Called Strike 0-1: Foul Ball, location: 2F 0-2: Strikes out looking
|
Batting: LHB Matt Barkley
|
0-0: SINGLE (Line Drive, 78S, EV 111.9 MPH) Al Lara to second
|
Batting: RHB Jong-your Lee
|
0-0: Foul Ball, location: 2F 0-1: Swinging Strike 0-2: Strikes out looking
|
Bottom of the 3rd over - 0 runs, 1 hit, 1 error, 2 left on base; Coastal Carolina University 2 - University of Alabama 2 |
TOP OF THE 4TH |
Coastal Carolina University Chanticleers batting - Pitching for University of Alabama Crimson Tide : RHP Andrew Maldonado
|
Pitching: RHP Victor Carillo
|
|
Batting: RHB Ferri Casteleijn
|
0-0: Foul Ball, location: 2F 0-1: Ball 1-1: Ball 2-1: Ball 3-1: Ground out 6-3 (Groundball, 6, EV 93.8 MPH)
|
Batting: SHB Iher Waithaka
|
0-0: Called Strike 0-1: Swinging Strike 0-2: Foul Ball, location: 2F 0-2: Ball 1-2: Strikes out looking
|
Batting: RHB Rene Napoles
|
0-0: Hit by Pitch
|
Batting: LHB Jeremy Stockwell
|
0-0: Called Strike 0-1: Foul Ball, location: 2F 0-2: Strikes out swinging
|
Top of the 4th over - 0 runs, 0 hits, 0 errors, 1 left on base; Coastal Carolina University 2 - University of Alabama 2 |
BOTTOM OF THE 4TH |
University of Alabama Crimson Tide batting - Pitching for Coastal Carolina University Chanticleers : RHP Dennis Margolis
|
Batting: RHB Matt Aponte
|
0-0: Called Strike 0-1: Foul Ball, location: 2F 0-2: Ball 1-2: Ball 2-2: SINGLE (Flyball, 6D, EV 95.6 MPH)
|
Batting: RHB Larry Brown
|
0-0: Ball 1-0: Reached on error, E5 (Groundball, 5L, EV 103.8 MPH) Matt Aponte to second
|
Batting: LHB Xiao-yan Wie
|
0-0: Fly out, F7 (Flyball, 7D, EV 107.5 MPH) Runner from 2nd tags up, SAFE at 3rd, no throw by LF
|
Pinch Hitting: SHB Mike Bidwell
|
0-0: Called Strike 0-1: Called Strike 0-2: Ball 1-2: Strikes out swinging
|
Batting: RHB B.J. Clark
|
0-0: Called Strike 0-1: Ground out 4-3 (Groundball, 4, EV 83.8 MPH)
|
Bottom of the 4th over - 0 runs, 1 hit, 1 error, 2 left on base; Coastal Carolina University 2 - University of Alabama 2 |
TOP OF THE 5TH |
Coastal Carolina University Chanticleers batting - Pitching for University of Alabama Crimson Tide : RHP Victor Carillo
|
Now at 2B: Hughie Withers
|
|
Now at 3B: Fernando Reyes
|
|
Now at SS: Rodrik Gardner
|
|
Pinch Hitting: RHB Kees Vroom
|
0-0: Ball 1-0: Called Strike 1-1: Ground out 4-3 (Groundball, 4MD, EV 106.2 MPH)
|
Batting: LHB Cheol-chung Joe
|
0-0: Ball 1-0: DOUBLE (Groundball, 3L, EV 103.1 MPH) - OUT at third base trying to stretch hit.
|
Pinch Hitting: RHB Chris McDaniel
|
0-0: Called Strike 0-1: Ball 1-1: Swinging Strike 1-2: Foul Ball, location: 2F 1-2: Foul Ball, location: 2F 1-2: Ball 2-2: Ball 3-2: Base on Balls
|
Pinch Hitting: RHB Tristan Williams
|
0-0: Called Strike 0-1: Foul Ball, location: 2F 0-2: Ball 1-2: Foul Ball, location: 2F 1-2: Foul Ball, location: 2F 1-2: Strikes out swinging
|
Top of the 5th over - 0 runs, 1 hit, 0 errors, 1 left on base; Coastal Carolina University 2 - University of Alabama 2 |
BOTTOM OF THE 5TH |
University of Alabama Crimson Tide batting - Pitching for Coastal Carolina University Chanticleers : RHP Dennis Margolis
|
Pitching: RHP Mitsuaki Fukunaga
|
|
Now at 1B: Tim Kirby
|
|
Now at 3B: Tristan Williams
|
|
Now in RF: Milo Karadzic
|
|
Pinch Hitting: RHB John Hicken
|
0-0: Called Strike 0-1: Ball 1-1: Called Strike 1-2: Strikes out swinging
|
Batting: RHB Hughie Withers
|
0-0: Fly out, F9 (Line Drive, 89D, EV 89.4 MPH)
|
Batting: LHB Matt Barkley
|
0-0: Ball 1-0: Ball 2-0: Called Strike 2-1: Swinging Strike 2-2: Strikes out looking
|
Bottom of the 5th over - 0 runs, 0 hits, 0 errors, 0 left on base; Coastal Carolina University 2 - University of Alabama 2 |
TOP OF THE 6TH |
Coastal Carolina University Chanticleers batting - Pitching for University of Alabama Crimson Tide : RHP Victor Carillo
|
Pitching: RHP Matt Mason
|
|
Now in RF: Andrew Robison
|
|
Batting: RHB Mike Grogan
|
0-0: Reached on error, E5 (Groundball, 5, EV 88.8 MPH)
|
Pinch Hitting: RHB Ling-kung Hsing
|
0-0: Called Strike 0-1: Foul Ball, location: 2F 0-2: Ball 1-2: Foul Ball, location: 2F 1-2: Ball 2-2: Ball 3-2: Base on Balls
|
Batting: SHB Iher Waithaka
|
0-0: Called Strike 0-1: Fielders Choice at 2nd, 1-4 (Groundball, 15S, EV 72.5 MPH) Mike Grogan to third
|
Batting: RHB Rene Napoles
|
0-0: Ball Iher Waithaka steals 2nd, throwing error, E2 Mike Grogan scores Iher Waithaka to third 1-0: Called Strike 1-1: Swinging Strike 1-2: Ball 2-2: Ball 3-2: Foul Ball, location: 2F 3-2: Base on Balls
|
Batting: LHB Jeremy Stockwell
|
0-0: Called Strike Rene Napoles is caught stealing 2nd base 2-6 0-1: Ball 1-1: Ball 2-1: Reached via error on a dropped throw from 2B, E3 (Groundball, 4, EV 88.1 MPH) Iher Waithaka scores
|
Batting: LHB Tim Kirby
|
0-0: Ball 1-0: Ball 2-0: Ball 3-0: Base on Balls Jeremy Stockwell to second
|
Pinch Hitting: LHB Nate Kokx
|
0-0: Called Strike 0-1: Swinging Strike 0-2: Ball 1-2: Strikes out swinging
|
Top of the 6th over - 2 runs, 0 hits, 3 errors, 2 left on base; Coastal Carolina University 4 - University of Alabama 2 |
BOTTOM OF THE 6TH |
University of Alabama Crimson Tide batting - Pitching for Coastal Carolina University Chanticleers : RHP Mitsuaki Fukunaga
|
Pitching: RHP Ricky Diaz
|
|
Now at C: Jason Melek
|
|
Now at 2B: Ling-kung Hsing
|
|
Now in LF: Nate Kokx
|
|
Batting: RHB Fernando Reyes
|
0-0: Foul Ball, location: 2F 0-1: Foul Ball, location: 2F 0-2: Ball 1-2: Foul Ball, location: 2F 1-2: TRIPLE (Flyball, 89XD, EV 109.4 MPH)
|
Pinch Hitting: RHB Onorato Zacagnini
|
0-0: Foul Ball, location: 2F 0-1: Swinging Strike 0-2: Strikes out swinging
|
Batting: RHB Larry Brown
|
0-0: Called Strike 0-1: Called Strike 0-2: Ball 1-2: Foul Ball, location: 2F 1-2: Ball 2-2: Foul Ball, location: 2F 2-2: Strikes out swinging
|
Batting: RHB Danny Jaramillo
|
0-0: Ball 1-0: Ball 2-0: Swinging Strike 2-1: Foul Ball, location: 2F 2-2: Strikes out swinging
|
Bottom of the 6th over - 0 runs, 1 hit, 0 errors, 1 left on base; Coastal Carolina University 4 - University of Alabama 2 |
TOP OF THE 7TH |
Coastal Carolina University Chanticleers batting - Pitching for University of Alabama Crimson Tide : RHP Matt Mason
|
Pitching: RHP Peppino Mori
|
|
Now at 1B: Onorato Zacagnini
|
|
Batting: LHB Milo Karadzic
|
0-0: Foul Ball, location: 2F 0-1: Called Strike 0-2: Ground out 5-3 (Groundball, 56S, EV 62.5 MPH)
|
Batting: RHB Tristan Williams
|
0-0: Ball 1-0: Foul Ball, location: 2F 1-1: Swinging Strike 1-2: Strikes out swinging
|
Batting: RHB Mike Grogan
|
0-0: Called Strike 0-1: Swinging Strike 0-2: Ground out 6-3 (Groundball, 6, EV 101.2 MPH)
|
Top of the 7th over - 0 runs, 0 hits, 0 errors, 0 left on base; Coastal Carolina University 4 - University of Alabama 2 |
BOTTOM OF THE 7TH |
University of Alabama Crimson Tide batting - Pitching for Coastal Carolina University Chanticleers : RHP Ricky Diaz
|
Batting: RHB Rodrik Gardner
|
0-0: Foul Ball, location: 2F 0-1: Ball 1-1: Ball 2-1: Called Strike 2-2: Ball 3-2: Strikes out swinging
|
Pinch Hitting: LHB Joe Blackwood
|
0-0: Called Strike 0-1: Ball 1-1: TRIPLE (Line Drive, 9LD, EV 107.5 MPH)
|
Batting: SHB Andrew Robison
|
0-0: Called Strike 0-1: Foul Ball, location: 2F 0-2: Strikes out looking
|
Batting: RHB Hughie Withers
|
0-0: Foul Ball, location: 2F 0-1: Ball 1-1: Foul Ball, location: 2F 1-2: Strikes out swinging
|
Bottom of the 7th over - 0 runs, 1 hit, 0 errors, 1 left on base; Coastal Carolina University 4 - University of Alabama 2 |
TOP OF THE 8TH |
Coastal Carolina University Chanticleers batting - Pitching for University of Alabama Crimson Tide : RHP Peppino Mori
|
Pitching: RHP Michael Outcalt
|
|
Now in CF: Joe Blackwood
|
|
Batting: RHB Ling-kung Hsing
|
0-0: Called Strike 0-1: Ball 1-1: Ball 2-1: Fly out, F7 (Flyball, 7S, EV 91.9 MPH)
|
Batting: SHB Iher Waithaka
|
0-0: Ball 1-0: Foul Ball, location: 2F 1-1: Swinging Strike 1-2: Ball 2-2: SOLO HOME RUN (Line Drive, 9LD, EV 93.8 MPH), Distance : 358 ft
|
Batting: RHB Rene Napoles
|
0-0: Called Strike 0-1: Called Strike 0-2: Ball 1-2: Strikes out looking
|
Batting: LHB Jason Melek
|
0-0: Ball 1-0: Ball 2-0: Called Strike 2-1: Foul Ball, location: 2F 2-2: Strikes out swinging
|
Top of the 8th over - 1 run, 1 hit, 0 errors, 0 left on base; Coastal Carolina University 5 - University of Alabama 2 |
BOTTOM OF THE 8TH |
University of Alabama Crimson Tide batting - Pitching for Coastal Carolina University Chanticleers : RHP Ricky Diaz
|
Pitching: RHP Dorian Sander
|
|
Pinch Hitting: RHB Gualtiero Fagnini
|
0-0: Ball 1-0: Called Strike 1-1: Ball 2-1: Called Strike 2-2: Ball 3-2: Foul Ball, location: 2F 3-2: Base on Balls
|
Batting: RHB Fernando Reyes
|
0-0: Fly out, F8 (Flyball, 8LXD, EV 93.8 MPH)
|
Pinch Hitting: LHB Alan Sullivan
|
0-0: Called Strike 0-1: Ball 1-1: SINGLE (Line Drive, 4MD, EV 101.2 MPH) Gualtiero Fagnini to second
|
Batting: RHB Larry Brown
|
0-0: Called Strike 0-1: Grounds into double play, 6-4-3 (Groundball, 6, EV 103.1 MPH)
|
Bottom of the 8th over - 0 runs, 1 hit, 0 errors, 1 left on base; Coastal Carolina University 5 - University of Alabama 2 |
TOP OF THE 9TH |
Coastal Carolina University Chanticleers batting - Pitching for University of Alabama Crimson Tide : RHP Michael Outcalt
|
Pitching: RHP Justin Hillard
|
|
Now at 1B: Doyle James
|
|
Now in LF: Gualtiero Fagnini
|
|
Batting: LHB Tim Kirby
|
0-0: Ball 1-0: Called Strike 1-1: Foul Ball, location: 2F 1-2: Strikes out swinging
|
Batting: LHB Nate Kokx
|
0-0: Ball 1-0: Ball 2-0: Ball 3-0: Base on Balls
|
Batting: LHB Milo Karadzic
|
0-0: Fly out, F8 (Flyball, 8LXD, EV 81.9 MPH)
|
Pinch Hitting: LHB Kevin Lech
|
0-0: Called Strike 0-1: Ball 1-1: Ball 2-1: Fly out, F7 (Flyball, 7S, EV 95.0 MPH)
|
Top of the 9th over - 0 runs, 0 hits, 0 errors, 1 left on base; Coastal Carolina University 5 - University of Alabama 2 |
BOTTOM OF THE 9TH |
University of Alabama Crimson Tide batting - Pitching for Coastal Carolina University Chanticleers : RHP Dorian Sander
|
Pitching: RHP Tetsuaki Nakamura
|
|
Now at 3B: Kevin Lech
|
|
Batting: RHB Danny Jaramillo
|
0-0: Called Strike 0-1: SINGLE (Groundball, 4MD, EV 101.2 MPH)
|
Batting: RHB Rodrik Gardner
|
0-0: Swinging Strike 0-1: Ball 1-1: Foul Ball, location: 2F 1-2: Strikes out swinging
|
Batting: LHB Joe Blackwood
|
0-0: Foul Ball, location: 2F 0-1: Ball 1-1: Foul Ball, location: 2F 1-2: Strikes out swinging
|
Batting: SHB Andrew Robison
|
0-0: Called Strike 0-1: Foul Ball, location: 2F 0-2: Ball 1-2: Strikes out looking
|
Bottom of the 9th over - 0 runs, 1 hit, 0 errors, 1 left on base; Coastal Carolina University 5 - University of Alabama 2 |
|